 Dungeon Crawl Stone Soup version 0.31-a0-198-g2ad674f65e (webtiles) character file.

Game seed: 9827518121805482238

42 qw the Shooter (level 3, 0/20 HPs)
             Began as a Deep Elf Hunter on June 25, 2023.
             Killed by nerve-wracking pain
             ... invoked by Jessica
              (7 damage)
             ... on level 2 of the Dungeon.
             The game lasted 00:00:23 (908 turns).

qw the Shooter (Deep Elf Hunter)                     Turns: 908, Time: 00:00:24

Health: 0/20       AC:  3    Str: 10    XL:     3   Next: 33%
Magic:  0/5        EV: 12    Int: 13    God:
Gold:   110        SH:  0    Dex: 18    Spells: 2/2 levels left

rFire   . . .        Y - +0 shortbow
rCold   . . .        (shield currently unavailable)
rNeg    . . .        c - +0 leather armour
rPois   .            (no helmet)
rElec   .            (no cloak)
rCorr   .            (no gloves)
SInv    .            (no boots)
Will    .....        j - amulet of guardian spirit
Stlth   ++           (no ring)
HPRegen 0.23/turn    (no ring)
MPRegen 0.09/turn

%: guardian spirit
@: no status effects
A: no striking features
a: no special abilities


You were on level 2 of the Dungeon.
You visited 1 branch of the dungeon, and saw 2 of its levels.

You collected 110 gold pieces.


   Skills:
 - Level 1.5 Fighting
 + Level 6.9 Ranged Weapons
 - Level 2.4 Dodging
 - Level 1.2 Stealth


You had 2 spell levels left.
You didn't know any spells.
Your spell library was empty.

Inventory:

Hand Weapons
 Y - a +0 shortbow (weapon)
Armour
 c - a +0 leather armour (worn)
 e - a +0 ring mail
 h - a +0 pair of boots
 l - the +0 ring mail of a wizard's laboratory {rPois rC+}
   (You found it on level 2 of the Dungeon)

   rC:        It protects you from cold.
   rPois:     It protects you from poison.
Jewellery
 j - an amulet of guardian spirit (around neck)
Scrolls
 a - a scroll of immolation {unknown}
 b - a scroll of fog {unknown}
 k - a scroll of teleportation {unknown}
Potions
 d - a potion of enlightenment {unknown}
 f - a potion of ambrosia {unknown}
 g - a potion of heal wounds {unknown}
 i - a potion of haste {unknown}

Dungeon Overview and Level Annotations

Branches:
Dungeon (2/15)

Altars:
Gozag

Shops:
D:1 [

Annotations:
D:2 Jessica


Message History

Enter note:
Enter note:
Enter note:
Enter note:
Enter note:
Enter note: You open the door.
There is an open door here.
You open the door.
There is an open door here.
Jessica the Apprentice Sorceress comes into view.
She is wielding a +0 dagger.
Enter note:
Enter note:
Enter note:
Enter note:
Enter note:
Enter note: You shoot an arrow.
The arrow hits Jessica but does no damage.
Jessica shouts!
Jessica drinks a potion.
Jessica flickers and vanishes!
Deactivating autopickup; reactivate with Ctrl-A.
You shoot an arrow. You shoot an arrow. Something hits you.
You shoot an arrow. Something hits you.
You shoot an arrow. Something hits you.
You shoot an arrow. Something hits you.
You shoot an arrow. Something hits you.
You hear some strange, mumbled words.
You shoot an arrow. You shoot an arrow. You shoot an arrow. You shoot an arrow.
Pain shoots through your body!
You die...

#### ##### ..# #.... ###.# #.##.
#..@# #. #.... ####### #.### #.#
##### #.....# #.# #.# ###..
#.###.#####.######.# .%#>#
####'###....##......#.#######.#.#
#.........#.##...##.#.........#.#
#.........+..'......#.........#.#
..........#.##.....##...........#
.............+...............##.#


There were no monsters in sight!

Vanquished Creatures
  2 dart slugs (D:1)
  An endoplasm (D:1)
  2 giant cockroaches (D:1)
  3 goblins (D:1)
  3 hobgoblins
  3 quokkas
  4 ball pythons
  8 bats
  3 frilled lizards
  5 kobolds
  4 rats
38 creatures vanquished.

Notes
Turn   | Place    | Note
-------+----------+-------------------------------------------
     0 | D:1      | qw the Deep Elf Hunter began the quest for the Orb.
     0 | D:1      | Reached XP level 1. HP: 12/12 MP: 3/3
     0 | D:1      | 0 ||| qw: Version: 0.3-a-22-g0ed2b0b
     0 | D:1      | 0 ||| qw: Game counter: 5018
     0 | D:1      | 0 ||| qw: Melee chars always use a shield: true
     0 | D:1      | 0 ||| qw: God list: Okawaru
     0 | D:1      | 0 ||| qw: Allow faded altars: false
     0 | D:1      | 0 ||| qw: Do Orc after clearing Dungeon:15 true
     0 | D:1      | 0 ||| qw: Do second Lair branch before Depths: true
     0 | D:1      | 0 ||| qw: Lair rune preference: random
     0 | D:1      | 0 ||| qw: Goals: Normal
     0 | D:1      | 0 ||| PLANNING D:1-11
    39 | D:1      | Found Saeskuj's Armour Boutique.
    75 | D:1      | 75 ||| SHOPLISTING +0 helmet (58 gold, have 25).
    75 | D:1      | 75 ||| SHOPLISTING +0 ring mail (52 gold, have 25).
    75 | D:1      | 75 ||| SHOPLISTING +2 hat (208 gold, have 25).
    75 | D:1      | 75 ||| SHOPLISTING +4 scale mail of fire resistance (403
                  | gold, have 25).
   323 | D:1      | Reached skill level 6 in Ranged Weapons
   323 | D:1      | Reached XP level 2. HP: 16/16 MP: 4/4
   473 | D:1      | Reached XP level 3. HP: 20/20 MP: 5/5
   557 | D:1      | 557 ||| UPGRADING to amulet of guardian spirit.
   562 | D:1      | 562 ||| READING scroll labelled UQUFOIM MEGEO.
   563 | D:1      | 563 ||| READING scroll labelled SACAGG YDAOPT.
   564 | D:1      | 564 ||| READING scroll labelled YSONIS BUOHE.
   593 | D:1      | 593 ||| DROPPING scroll of butterflies.
   864 | D:2      | Found an opulent altar of Gozag.
   873 | D:2      | Identified the +0 ring mail of a wizard's laboratory {rPois
                  | rC+}
   897 | D:2      | Noticed Jessica
   908 | D:2      | Killed from afar by Jessica

Levels and vault maps discovered:
D:1:      ncdulo_lavacross, layout_basic, serial_shops,
          nicolae_shop_hallway_plus
D:2:      layout_basic, basic_altar, uniq_robin, uniq_jessica

Skill      XL: |  1 |
---------------+----+-----
Ranged Weapons | 6 |  6.9
Fighting       | |  1.5
Dodging        | |  2.4
Stealth        | |  1.2

Action                     || total
---------------------------++-------
   Fire: Shortbow          ||    88
    Use: Scroll            ||     3
 Armour: Leather armour    ||     7
  Dodge: Dodged            ||    19

Table legend:
 A = Non-vault XP
 B = Vault XP
 C = Vault XP percentage of total XP
 D = Non-vault monster count
 E = Vault monster count
 F = Vault count percentage of total count
                 A         B        C        D         E       F
            +---------+---------+-------+---------+---------+-------
      Total |      60 |       0 |   0.0 |      38 |       0 |   0.0
            +---------+---------+-------+---------+---------+-------
        D:1 |      42 |       0 |   0.0 |      26 |       0 |   0.0
        D:2 |      18 |       0 |   0.0 |      12 |       0 |   0.0
            +---------+---------+-------+---------+---------+-------
